 Dungeon Crawl Stone Soup version 0.23.2-33-g5129a83184 (webtiles) character file.

Game seed: 2093791080823928570

3025 Aesthetico the Cleaver (level 9, -1/76 HPs)
             Began as a Minotaur Chaos Knight on July 19, 2019.
             Was a Believer of Uskayaw.
             Slain by a two-headed ogre
             ... wielding a +0 giant spiked club
              (31 damage)
             ... on level 9 of the Dungeon.
             The game lasted 00:19:16 (5242 turns).

Aesthetico the Cleaver (Minotaur Chaos Knight)      Turns: 5242, Time: 00:19:16

Health: -1/76      AC: 15    Str: 18 (19) XL:     9   Next: 55%
Magic:  8/8        EV: 11    Int:  9      God:    Uskayaw [**....]
Gold:   507        SH:  0    Dex: 10 (11) Spells: 8/8 levels left

rFire    . . .     SeeInvis .   a - +1 hand axe (chaos)
rCold    . . .     Gourm    .   (no shield)
rNeg     . . .     Faith    .   b - +3 leather armour
rPois    +         Spirit   .   (helmet restricted)
rElec    .         Reflect  .   C - +2 cloak
rCorr    .         Harm     .   t - +0 pair of gloves
MR       +....                  (no boots)
Stlth    +.........             (no amulet)
HPRegen  0.22/turn              n - +4 ring of protection
MPRegen  0.11/turn              A - ring of protection from magic

@: no status effects
A: retaliatory headbutt, horns 2, deterioration 1, frail 1, poison resistance,
shaggy fur 1
a: Stomp, Line Pass, Renounce Religion


You were on level 9 of the Dungeon.
You worshipped Uskayaw.
Uskayaw was noncommittal.
You were not hungry.

You visited 2 branches of the dungeon, and saw 10 of its levels.

You collected 507 gold pieces.

Inventory:

Hand Weapons
 a - a +1 hand axe of chaos (weapon)
Missiles
 l - 16 poisoned needles
 o - 6 javelins (quivered)
Armour
 b - a +3 leather armour (worn)
 t - a +0 pair of gloves (worn)
 C - a +2 cloak (worn)
Jewellery
 n - a +4 ring of protection (left hand)
 v - an uncursed ring of see invisible
 y - an uncursed ring of fire
 A - a ring of protection from magic (right hand)
Wands
 p - a wand of acid (10)
Scrolls
 d - 7 scrolls of identify
 f - 4 scrolls of amnesia
 g - 2 scrolls of enchant weapon
 i - a scroll of acquirement {unknown}
 k - 3 scrolls of blinking
 m - 5 scrolls of remove curse
 q - 2 scrolls of magic mapping {unknown}
 r - 4 scrolls of fog {unknown}
 s - a scroll of enchant armour
 u - 4 scrolls of teleportation {unknown}
 E - a scroll of vulnerability {unknown}
Potions
 e - 5 potions of curing
 h - a potion of agility
 j - a potion of degeneration {unknown}
 w - a potion of flight {unknown}
 x - a potion of heal wounds
 z - 2 potions of haste
 D - a potion of mutation
Comestibles
 c - 17 rations
 B - 5 chunks of flesh


   Skills:
 - Level 10.0 Fighting
 + Level 13.0 Axes
 - Level 2.4 Armour
 - Level 1.1 Dodging


You had 8 spell levels left.
You didn't know any spells.
Your spell library contained the following spells:

 Spells                   Type           Power        Failure   Level  Hunger
 Magic Dart               Conj           #...         43%         1    ##.....
 Poisonous Vapours        Pois/Air       #.....       58%         2    ###....
 Searing Ray              Conj           #.....       58%         2    ###....
 Conjure Flame            Conj/Fire      #.......     82%         3    ####...
 Dazzling Spray           Conj/Hex       #.....       82%         3    ####...
 Mephitic Cloud           Conj/Pois/Air  #.......     82%         3    ####...
 Force Lance              Conj/Tloc      #.......     99%         4    #####..
 Fulminant Prism          Conj/Hex       #.........   99%         4    #####..
 Iskenderun's Mystic Bla  Conj           #.......     99%         4    #####..
 Freezing Cloud           Conj/Ice/Air   #.........   100%        6    #######
 Ring of Flames           Chrm/Fire      #.........   100%        7    #######


Dungeon Overview and Level Annotations

Branches:
Dungeon (9/15)             Temple (1/1) D:7
   Lair: D:8-11         Orc: D:9-12

Altars:
Ashenzari
Cheibriados
Dithmenos
Fedhas
Gozag
Hepliaklqana
Kikubaaqudgha
Makhleb
Nemelex Xobeh
Qazlal
Sif Muna
Trog
Uskayaw
Vehumet
Wu Jian
Xom
Yredelemnul
Lugonu

Shops:
D:8 }


Innate Abilities, Weirdness & Mutations

You reflexively headbutt those who attack you in melee.
You have a pair of horns on your head.
Your body sometimes deteriorates upon taking damage.
You are frail. (-10% HP)
Your system is resistant to poisons. (rPois)
You are covered in fur. (AC +1)


Message History

You kill the adder!
The two-headed ogre hits you with a +0 giant spiked club!
Your body deteriorates!
You feel weakened.
The two-headed ogre hits you with a +0 giant club!
Your body deteriorates!
You feel clumsy.
You see here an adder corpse.
You hit the two-headed ogre. You freeze the two-headed ogre.
You headbutt the two-headed ogre.
The two-headed ogre is lightly wounded.
You slash the two-headed ogre!
The two-headed ogre goes berserk!
You headbutt the two-headed ogre.
The two-headed ogre is moderately wounded.
The two-headed ogre hits you with a +0 giant spiked club!!
The two-headed ogre hits you with a +0 giant club.
Your leather armour prevents you from hitting the two-headed ogre.
Your headbutt misses the two-headed ogre.
The two-headed ogre is moderately wounded.
The two-headed ogre hits you with a +0 giant spiked club!!
You die...
Xom is highly amused!

######## .......
).... .... .... .....
#..# #... #.O# #..#
#.@# #..# #..#
#..######.
##..####.........
#................
....................
.......######..####.
....... #..#
.......######..####..
............)........


You could see a two-headed ogre (berserk).

Vanquished Creatures
  A raiju (shapeshifter) (D:3)
  A wyvern (D:9)
  A hungry ghost (D:7)
  A water moccasin (D:8)
  A hornet zombie (D:9)
  A sky beast (D:6)
  2 orc warriors
  A phantom (D:3)
  2 ogres (D:7)
  A necrophage (D:6)
  A bullfrog (D:7)
  A scorpion (D:8)
  5 wights (D:6)
  A howler monkey (D:5)
  6 crimson imps
  A centaur zombie (D:8)
  A quasit (D:7)
  A jelly (D:7)
  5 orc priests
  6 orc wizards
  A bullfrog skeleton (D:5)
  An iguana (D:8)
  Natasha (twice) (D:2)
  8 worker ants
  A killer bee zombie (D:7)
  A hound skeleton (D:6)
  2 worker ant zombies
  A gnoll (D:1)
  10 adders
  An ooze (D:4)
  4 adder skeletons
  5 worms
  3 leopard geckos
  22 orcs
  4 bats
  3 giant cockroaches
  3 goblins (D:2)
  8 hobgoblins
  8 jackals
  5 kobolds
  5 quokkas
  A ball python (D:1)
  A ball python skeleton (D:6)
  4 frilled lizards
  2 gnoll zombies (D:3)
  A quokka skeleton (D:4)
  7 rats
154 creatures vanquished.

Vanquished Creatures (collateral kills)
  Duvessa (D:4)
  An ogre (D:8)
  Dowan (D:4)
  An orc (D:8)
4 creatures vanquished.

Vanquished Creatures (others)
  A troll (D:9)
  A yak (D:9)
  An ogre (D:9)
  A scorpion (D:9)
  An orc (D:9)
5 creatures vanquished.

Grand Total: 163 creatures vanquished

Notes
Turn   | Place    | Note
-------+----------+-------------------------------------------
     0 | D:1      | Aesthetico the Minotaur Chaos Knight began the quest for
                  | the Orb.
     0 | D:1      | Reached XP level 1. HP: 19/19 MP: 0/0
    23 | D:1      | Reached skill level 4 in Axes
    23 | D:1      | Reached XP level 2. HP: 26/26 MP: 1/1
   473 | D:2      | Reached skill level 5 in Axes
   513 | D:2      | Reached XP level 3. HP: 19/31 MP: 2/2
   584 | D:2      | XOM: harmless Conj miscast
   661 | D:2      | Found a radiant altar of Vehumet.
  1005 | D:2      | Noticed Natasha
  1008 | D:2      | Reached skill level 6 in Axes
  1008 | D:2      | Reached XP level 4. HP: 39/39 MP: 3/3
  1010 | D:2      | XOM: potion effect (haste)
  1012 | D:2      | Killed Natasha
  1337 | D:3      | Reached skill level 7 in Axes
  1337 | D:3      | Reached XP level 5. HP: 42/45 MP: 4/4
  1342 | D:3      | XOM: summons friendly quasit
  1459 | D:2      | Noticed Natasha
  1465 | D:2      | Killed Natasha
  1482 | D:3      | Noticed a shapeshifter
  1482 | D:3      | a jackal changed into a shapeshifter
  1482 | D:3      | Noticed a raiju
  1482 | D:3      | a shapeshifter changed into a raiju
  1484 | D:3      | XOM: confuse monster(s)
  1490 | D:3      | Killed a raiju
  1490 | D:3      | Reached skill level 9 in Axes
  1490 | D:3      | Reached XP level 6. HP: 19/51 MP: 5/5
  1571 | D:3      | XOM: harmless Conj miscast
  1648 | D:3      | XOM: cloud trail
  1663 | D:3      | Found a basalt altar of Yredelemnul.
  1674 | D:3      | XOM: enchant monster (good)
  1729 | D:3      | XOM: 3-stop teleportation journey
  2008 | D:3      | XOM: harmless Necr miscast
  2017 | D:3      | XOM: silly message
  2146 | D:3      | Found a basalt altar of Yredelemnul.
  2208 | D:3      | Reached skill level 5 in Fighting
  2208 | D:3      | Reached XP level 7. HP: 43/61 MP: 6/6
  2574 | D:4      | Noticed Duvessa
  2576 | D:4      | Noticed Dowan
  2577 | D:4      | XOM: cast spell 'Summon Ice Beast'
  2583 | D:4      | Killed Dowan
  2590 | D:4      | Killed Duvessa
  2769 | D:4      | XOM: divination: detect items
  2875 | D:4      | Found a sparkling altar of Nemelex Xobeh.
  3007 | D:5      | Entered Level 5 of the Dungeon
  3015 | D:5      | XOM: silly message
  3244 | D:5      | Found a shattered altar of Ashenzari.
  3415 | D:5      | Gained mutation: You have sharp toenails. [potion of
                  | mutation]
  3415 | D:5      | Gained mutation: You are covered in fur. (AC +1) [potion of
                  | mutation]
  3415 | D:5      | Gained mutation: Your system is resistant to poisons.
                  | (rPois) [potion of mutation]
  3416 | D:5      | Lost mutation: Your system is resistant to poisons. (rPois)
                  | [potion of mutation]
  3416 | D:5      | Lost mutation: You have sharp toenails. [potion of
                  | mutation]
  3416 | D:5      | Gained mutation: Your body sometimes deteriorates upon
                  | taking damage. [potion of mutation]
  3416 | D:5      | Gained mutation: Your system is resistant to poisons.
                  | (rPois) [potion of mutation]
  3456 | D:6      | Found a snail-covered altar of Cheibriados.
  3522 | D:6      | XOM: silly message
  3533 | D:6      | XOM: potion effect (berserk rage)
  3538 | D:6      | Reached XP level 8. HP: 74/74 MP: 7/7
  3552 | D:6      | XOM: cast spell 'Necromutation'
  3812 | D:6      | Found an ancient bone altar of Kikubaaqudgha.
  3908 | D:6      | Reached skill level 10 in Fighting
  3964 | D:6      | XOM: divination: detect creatures
  4075 | D:7      | XOM: noise
  4137 | D:7      | Reached skill level 10 in Axes
  4143 | D:7      | Found a staircase to the Ecumenical Temple.
  4207 | Temple   | Entered the Ecumenical Temple
  4280 | Temple   | Fell from the grace of Xom
  4280 | Temple   | Became a worshipper of Uskayaw the Reveler
  4300 | D:7      | Reached * piety under Uskayaw
  4301 | D:7      | Reached ** piety under Uskayaw
  4388 | D:7      | Reached *** piety under Uskayaw
  4390 | D:7      | Reached skill level 11 in Axes
  4390 | D:7      | Reached XP level 9. HP: 85/85 MP: 8/8
  4396 | D:7      | Reached **** piety under Uskayaw
  4455 | D:7      | XOM: severe Tmut miscast
  4455 | D:7      | Gained mutation: You are frail. (-10% HP) [the severe
                  | capriciousness of Xom]
  4777 | D:7      | Found a stormy altar of Qazlal.
  4921 | D:8      | Reached skill level 12 in Axes
  4946 | D:8      | Found Vempogri's Gadget Shoppe.
  5128 | D:9      | Killed a troll
  5155 | D:9      | Reached skill level 13 in Axes
  5170 | D:9      | Found a bloodstained altar of Trog.
  5173 | D:9      | Found a burning altar of Makhleb.
  5176 | D:9      | Found an opulent altar of Gozag.
  5212 | D:9      | XOM: medium Hex miscast
  5213 | D:9      | Found a shimmering altar of Xom.
  5230 | D:9      | Noticed a two-headed ogre
  5242 | D:9      | Slain by a two-headed ogre

Skill      XL: |  1  2  3  4  5  6  7  8  9 |
---------------+----------------------------+-----
Axes           | 4 5 6 7 9 11 13 | 13.0
Fighting       | 5 8 10 | 10.0
Armour         | |  2.4
Dodging        | |  1.1

Action                   |  1- 3 |  4- 6 |  7- 9 || total
-------------------------+-------+-------+-------++-------
Melee: Hand axe          |    71 |    93 |   302 ||   466
       Headbutt          |    11 |    12 |    61 ||    84
Invok: Stomp             |       |       |     1 ||     1
       Line Pass         |       |       |     1 ||     1
  Use: Scroll            |     7 |       |     5 ||    12
       Potion            |       |       |     9 ||     9
 Stab: Petrifying        |     1 |       |       ||     1
       Paralysed         |       |     2 |     6 ||     8
       Confused          |       |     3 |     3 ||     6
       Petrified         |       |     1 |       ||     1
  Eat: Chunk             |       |     4 |     8 ||    12
       Ration            |       |       |     1 ||     1
Armor: Leather armour    |    29 |    25 |   111 ||   165
Dodge: Dodged            |    44 |    42 |   121 ||   207
